 Dungeon Crawl Stone Soup version 0.22-a0-278-g8f80174 (webtiles) character file.

3810 lilbarb the Carver (level 10, -1/84 HPs)
             Began as a Barachi Fighter on Mar 15, 2018.
             Was an Initiate of Wu Jian.
             Killed from afar by a naga warrior (4 damage)
             ... with a splash of poison
             ... created by the fury of Okawaru
             ... on level 9 of the Dungeon.
             The game lasted 00:43:43 (8655 turns).

lilbarb the Carver (Barachi Fighter)                Turns: 8655, Time: 00:43:44

Health: -1/84      AC: 14    Str: 25 (26) XL:     10   Next: 17%
Magic:  13/13      EV:  1    Int:  5 (8)  God:    Wu Jian [......]
Gold:   482        SH:  9    Dex:  8 (11) Spells: 9/9 levels left

rFire    + . .     SeeInvis .   H - +11 rapier of Fytabb {drain, rC+ Stlth+}
rCold    + + .     Gourm    .   c - +0 shield
rNeg     . . .     Faith    .   y - +0 gold dragon scales
rPois    +         Spirit   .   (no helmet)
rElec    .         Reflect  .   (no cloak)
rCorr    .         Harm     .   l - +0 pair of gloves
MR       .....                  (no boots)
Stlth    ..........             (no amulet)
HPRegen  0.24/turn              z - +4 ring of strength
MPRegen  0.13/turn              (no ring)

@: can't hop, drained, slow
A: +LOS, swims, slowness 1, strong legs 1
a: Hop, Renounce Religion


You were on level 9 of the Dungeon.
You worshipped Wu Jian.
Wu Jian was noncommittal.
You were not hungry.

You visited 2 branches of the dungeon, and saw 10 of its levels.

You collected 482 gold pieces.

Inventory:

Hand Weapons
 n - the +6 arbalest "Damnation" {damnation}
   (You found it on level 4 of the Dungeon)
 A - a +0 long sword of protection
 H - the +11 rapier of Fytabb (weapon) {drain, rC+ Stlth+}
   (You found it on level 7 of the Dungeon)

   A truly terrible weapon, it drains the life of those it strikes.
   It protects you from cold.
   It makes you more stealthy.
Missiles
 m - 26 stones (quivered)
 q - 23 bolts
Armour
 c - a +0 shield (worn)
 d - a +0 large shield
 l - a +0 pair of gloves (worn)
 y - +0 gold dragon scales (worn)
Jewellery
 z - a +4 ring of strength (left hand)
 G - an uncursed ring of ice
Wands
 b - a wand of disintegration (5)
 t - a wand of flame (43)
 u - a wand of paralysis (5)
 E - a wand of iceblast (4)
 F - a wand of polymorph (12)
Scrolls
 e - a scroll of identify
 g - 3 scrolls of enchant armour {unknown}
 h - a scroll of fog
 j - 2 scrolls of remove curse
 p - 2 scrolls of fear {unknown}
 s - 2 scrolls of immolation
 v - a scroll of blinking {unknown}
 w - 3 scrolls of enchant weapon {unknown}
 x - 5 scrolls of magic mapping {unknown}
Potions
 r - 2 potions of flight
 B - a potion of curing
 I - a potion of degeneration
Comestibles
 a - 2 chunks of flesh
 f - 2 rations


   Skills:
 + Level 9.7(8.8) Fighting
 * Level 4.7(7.8) Short Blades
 + Level 12.1(11.5) Long Blades
 - Level 2.3(1.6) Crossbows
 - Level 3.6(2.8) Armour
 - Level 3.2(2.5) Shields
 + Level 4.2(3.4) Evocations


You had 9 spell levels left.
You didn't know any spells.

Dungeon Overview and Level Annotations

Branches:
Dungeon (9/15)             Temple (1/1) D:6
   Lair: D:8-11         Orc: D:9-12

Altars:
Ashenzari
Cheibriados
Dithmenos
Elyvilon
Fedhas
Hepliaklqana
Kikubaaqudgha
Makhleb
Okawaru
Qazlal
Ru
Sif Muna
Trog
Uskayaw
Vehumet
Wu Jian
Yredelemnul
Zin
The Shining One

Shops:
D:8 (

Annotations:
D:2 exclusion: downstairs
D:9 exclusion: upstairs


Innate Abilities, Weirdness & Mutations

Shadows flee at your approach. (+LOS)
You can swim through water.
You cover ground slowly.
You can hop short distances.


Message History

* * * LOW HITPOINT WARNING * * *
Evoke which item? (* to show all) (? for menu, Esc to quit)
Okay, then.
Okay, then.
Throwing (i - inventory)
m - 26 stones (quivered)
Press: ? - help, Shift-Dir - straight line, f/p - centaur warrior
Aim: a centaur warrior, wielding a shortbow (durably summoned)
Okay, then.
The deep elf archer shouts!
The centaur warrior shoots an arrow.
The arrow hits you!
* * * LOW HITPOINT WARNING * * *
The arrow disappears in a puff of smoke!
The deep elf knight casts a spell at you.
The shard of ice hits something.
You hear a twanging sound.
An arrow appears from out of thin air!
The arrow hits you but does no damage.
The arrow disappears in a puff of smoke!
The naga warrior spits poison at you. The splash of poison hits you!
You resist.
You die...

..#### .......#######
........@....##
...........{e.#
..........cN.####
.............N§.####
...............e§§§######
...########...###§§§..e.e
.# #.$.# #####N..e ##...
#Ne.# #...# ###...#


You could see a naga warrior, a naga ritualist, a centaur warrior, a deep elf
archer and a deep elf knight.

Vanquished Creatures
  A two-headed ogre (D:8)
  Joseph (D:7)
  Grinder (D:3)
  Menkaure (D:4)
  Duvessa (D:7)
  3 ice beasts
  A sky beast (D:5)
  An ogre (D:7)
  A phantom (D:4)
  A centaur (D:7)
  2 crocodiles
  2 bullfrogs
  Dowan (D:7)
  4 scorpions
  4 wights (D:9)
  3 howler monkeys (D:9)
  6 crimson imps
  A bullfrog zombie (D:7)
  3 hounds
  A bullfrog skeleton (D:5)
  A centaur skeleton (D:5)
  Ijyb (D:3)
  2 iguanas
  5 orc wizards
  5 worker ants
  A hound zombie (D:9)
  A mummy (D:6)
  A worker ant zombie (D:5)
  10 adders
  5 shadow imps
  2 adder zombies
  An adder skeleton (D:2)
  4 worms
  2 dart slugs (D:3)
  4 leopard geckos
  12 orcs
  7 bats
  4 giant cockroaches
  8 goblins
  7 hobgoblins
  2 jackals (D:1)
  9 kobolds
  2 quokkas
  2 ball pythons (D:1)
  4 frilled lizards
  A hobgoblin zombie (D:6)
  A kobold zombie (D:6)
  A leopard gecko skeleton (D:5)
  2 orc zombies (D:6)
  A quokka zombie (D:8)
  4 rats
151 creatures vanquished.

Notes
Turn   | Place    | Note
-------+----------+-------------------------------------------
     0 | D:1      | lilbarb the Barachi Fighter began the quest for the Orb.
     0 | D:1      | Reached XP level 1. HP: 18/18 MP: 1/1
   189 | D:1      | Reached skill level 3 in Long Blades
   200 | D:1      | Reached XP level 2. HP: 20/25 MP: 2/2
   565 | D:1      | Reached XP level 3. HP: 30/30 MP: 3/3
   960 | D:2      | Reached skill level 4 in Long Blades
  1112 | D:2      | Reached XP level 4. HP: 38/38 MP: 4/4
  1742 | D:3      | Noticed Grinder
  1751 | D:3      | Paralysed by Grinder for 6 turns
  1825 | D:3      | Noticed Ijyb
  1838 | D:3      | Killed Ijyb
  1838 | D:3      | Reached skill level 5 in Long Blades
  2022 | D:3      | Found a sacrificial altar of Ru.
  2029 | D:3      | Found an ancient bone altar of Kikubaaqudgha.
  2318 | D:3      | Noticed a crocodile
  2330 | D:3      | Killed a crocodile
  2330 | D:3      | Reached skill level 5 in Fighting
  2330 | D:3      | Reached XP level 5. HP: 14/44 MP: 5/5
  2421 | D:3      | Paralysed by Grinder for 7 turns
  2432 | D:3      | Paralysed by Grinder for 4 turns
  2436 | D:3      | Killed Grinder
  2436 | D:3      | Reached skill level 7 in Long Blades
  2436 | D:3      | Reached XP level 6. HP: 6/52 MP: 6/6
  3082 | D:4      | Found the +6 arbalest "Damnation" {damnation}
  3104 | D:4      | Reached XP level 7. HP: 56/58 MP: 7/7
  3128 | D:4      | Reached skill level 1 in Crossbows
  3461 | D:4      | Reached skill level 8 in Long Blades
  3662 | D:4      | Noticed Menkaure
  3670 | D:4      | Killed Menkaure
  3670 | D:4      | Reached XP level 8. HP: 65/65 MP: 8/8
  3785 | D:4      | Found a bloodstained altar of Trog.
  4075 | D:5      | Entered Level 5 of the Dungeon
  4099 | D:5      | Reached skill level 9 in Long Blades
  4191 | D:5      | Found an iron altar of Okawaru.
  4197 | D:5      | Became a worshipper of Warmaster Okawaru
  5196 | D:5      | Reached skill level 10 in Long Blades
  5866 | D:6      | Found a deep blue altar of Sif Muna.
  6260 | D:6      | Found a staircase to the Ecumenical Temple.
  6381 | D:7      | Reached * piety under Okawaru
  6387 | D:7      | Reached XP level 9. HP: 61/74 MP: 9/9
  6581 | D:7      | Reached skill level 11 in Long Blades
  6674 | D:7      | Got a polished rapier
  6721 | D:7      | Noticed Duvessa
  6722 | D:7      | Noticed Joseph
  6723 | D:7      | Noticed Dowan
  6733 | D:7      | Killed Duvessa
  6733 | D:7      | Reached skill level 1 in Evocations
  6755 | D:7      | Killed Joseph
  6755 | D:7      | Reached ** piety under Okawaru
  6765 | D:7      | Killed Dowan
  6966 | D:7      | Identified the +11 rapier of Fytabb {drain, rC+ Stlth+} (You found it on level 7 of the Dungeon)
  7041 | D:8      | Found Warydgh's Antique Weapon Shop.
  7072 | D:8      | Reached skill level 1 in Short Blades
  7188 | D:8      | Noticed a two-headed ogre
  7509 | Temple   | Entered the Ecumenical Temple
  7713 | Temple   | Fell from the grace of Okawaru
  7713 | Temple   | Became a worshipper of the Wu Jian Council
  7826 | D:8      | Killed a two-headed ogre
  7826 | D:8      | Reached skill level 12 in Long Blades
  7826 | D:8      | Reached XP level 10. HP: 83/83 MP: 12/12
  7882 | D:8      | Noticed a minotaur
  7882 | D:8      | Noticed an orc knight
  7882 | D:8      | Noticed an orc knight
  7882 | D:8      | Noticed an orc sorcerer
  7976 | D:8      | Noticed a naga warrior
  7976 | D:8      | Noticed a naga warrior
  7976 | D:8      | Noticed a deep elf archer
  7976 | D:8      | Noticed a stone giant
  8638 | D:9      | Noticed a centaur warrior
  8638 | D:9      | Noticed a deep elf knight
  8638 | D:9      | Noticed a deep elf knight
  8638 | D:9      | Noticed a deep elf knight
  8638 | D:9      | Noticed a deep elf archer
  8638 | D:9      | Noticed a deep elf mage
  8638 | D:9      | Noticed a naga warrior
  8638 | D:9      | Noticed a naga ritualist
  8655 | D:9      | HP: 3/84 [centaur warrior/arrow[the fury of Okawaru] (16)]
  8655 | D:9      | Killed from afar by a naga warrior

Vault maps used:
D:1:      sevenhm_arrival_forest_fort_large_2, minmay_misc_feat_chi,
          minmay_misc_feat_roman, minmay_misc_feat_alley
D:3:      grunt_temple_overflow_open, uniq_ijyb, uniq_grinder
D:4:      lemuel_doored_altar, hangedman_decor_push, uniq_menkaure
D:5:      okawaru_ov_weapons_minmay, first_ration
D:6:      old_standard_altar, minmay_temple_entry_trees, minivault_5,
          minmay_mini_ossuary
D:7:      uniq_duvessa, uniq_joseph
D:8:      serial_shops, nicolae_shop_stone
D:9:      marbit_many_paths, grunt_gozag_statues, tgw_xom, uniq_erolcha,
          uniq_erica, uniq_psyche
Temple:   dpeg_chambers_temple

Skill      XL: |  1  2  3  4  5  6  7  8  9 10 |
---------------+-------------------------------+-----
Long Blades    | 3 4 5 7 8 10 12 | 12.1
Fighting       | 4 5 6 8 9 |  9.7
Crossbows      | 1 2 |  2.3
Evocations     | 3 4 |  4.2
Short Blades   | 4 |  4.7
Armour         | |  3.6
Shields        | |  3.2

Action                   |  1- 3 |  4- 6 |  7- 9 | 10-12 || total
-------------------------+-------+-------+-------+-------++-------
Melee: Long sword        |   124 |    94 |   389 |       ||   607
       Rapier            |       |       |     9 |    39 ||    48
 Fire: Arbalest          |       |       |     1 |       ||     1
Throw: Stone             |       |     6 |     8 |     1 ||    15
Invok: Heroism           |       |       |     1 |       ||     1
       Lunge             |       |       |     1 |       ||     1
 Abil: Hop               |       |     2 |     2 |     4 ||     8
Evoke: Wand              |       |     5 |    23 |     1 ||    29
  Use: Potion            |       |     5 |     2 |     3 ||    10
       Scroll            |       |     1 |     6 |    10 ||    17
 Stab: Paralysed         |       |       |     4 |       ||     4
  Eat: Chunk             |     1 |     7 |     8 |       ||    16
       Ration            |       |       |     3 |     1 ||     4
Armor: Scale mail        |    51 |    24 |       |       ||    75
       Chain mail        |       |    27 |    70 |       ||    97
       Gold dragon scale |       |       |   108 |    19 ||   127
Dodge: Dodged            |    39 |    24 |    49 |     1 ||   113
Block: Shield            |    52 |    41 |   135 |    16 ||   244
       Rpst.: Long sword |    14 |     9 |    12 |       ||    35

Table legend:
 A = Spawn XP
 B = Non-spawn XP
 C = Spawn XP percentage of total XP
 D = Spawn monster count
 E = Non-spawn monster count
 F = Spawn count percentage of total count
 G = Total turns spent on level
                    A         B        C        D         E        F      G
               +---------+---------+-------+---------+---------+-------+---------
         Total |       0 |    5443 |   0.0 |       0 |     150 |   0.0 |  8655
               +---------+---------+-------+---------+---------+-------+---------
           D:1 |       0 |      36 |   0.0 |       0 |      19 |   0.0 |   905
           D:2 |       0 |      77 |   0.0 |       0 |      26 |   0.0 |  1079
           D:3 |       0 |     463 |   0.0 |       0 |      17 |   0.0 |  1051
           D:4 |       0 |     727 |   0.0 |       0 |      23 |   0.0 |  1040
           D:5 |       0 |     639 |   0.0 |       0 |      14 |   0.0 |  1190
           D:6 |       0 |     209 |   0.0 |       0 |      11 |   0.0 |  1184
           D:7 |       0 |    1372 |   0.0 |       0 |      20 |   0.0 |   931
           D:8 |       0 |    1465 |   0.0 |       0 |      10 |   0.0 |   622
           D:9 |       0 |     455 |   0.0 |       0 |      10 |   0.0 |   420
               +---------+---------+-------+---------+---------+-------+---------
